 Dungeon Crawl Stone Soup version 0.31-a0-700-gf13585253f (webtiles) character file.

Game seed: 12578265785246417755

5052 Xavori the Covert (level 10, -9/68 HPs)
             Began as an Octopode Chaos Knight on Sept 7, 2023.
             Was a Plaything of Xom.
             Mangled by a manticore (13 damage)
             ... on level 8 of the Dungeon.
             The game lasted 00:09:56 (9779 turns).

Xavori the Covert (Octopode Chaos Knight)           Turns: 9779, Time: 00:09:57

Health: -9/68      AC:  1    Str: 17    XL:     10   Next: 56%
Magic:  10/10      EV: 15    Int: 15    God:    Xom [.....*]
Gold:   436        SH:  5    Dex: 16    Spells: 9/9 levels left

rFire   . . .        a - +1 short sword (chaos)
rCold   . . .        (no shield)
rNeg    . . .        (helmet currently unavailable)
rPois   .            l - amulet of reflection
rElec   .            k - +6 ring of strength
rCorr   .            (no ring)
SInv    .            (no ring)
Will    +....        (no ring)
Stlth   ++++++       (no ring)
HPRegen 0.31/turn    (no ring)
MPRegen 0.12/turn    (no ring)
                     (no ring)

%: reflection
@: beast-form
A: beast (slay +3), almost no armour, amphibious, 8 rings, camouflage 1,
gelatinous body 1, (nimble swimmer 1), tentacles, tentacle spike 1,
strong-willed 1
a: Begin Untransformation, Renounce Religion


You were on level 8 of the Dungeon.
You worshipped Xom.
You were Xom's teddy bear.
You were a hulking beast.
You visited 1 branch of the dungeon, and saw 11 of its levels.

You collected 469 gold pieces.
You spent 33 gold pieces at shops.

Inventory:

Hand Weapons
 a - a +1 short sword of chaos (weapon)
 c - a +0 dagger of venom
Missiles
 y - 3 curare-tipped darts (quivered)
 z - a throwing net
Jewellery
 k - a +6 ring of strength (left tentacle)
 l - an amulet of reflection (around mantle)
Talismans
 j - a beast talisman (active)
Wands
 o - a wand of polymorph (17)
 A - a wand of charming (8)
Scrolls
 b - a scroll of butterflies
 d - 2 scrolls of identify
 e - 2 scrolls of poison
 g - a scroll of noise
 h - 4 scrolls of teleportation
 i - a scroll of torment
 p - 2 scrolls of blinking
 q - a scroll of vulnerability
 s - 2 scrolls of enchant weapon
Potions
 f - 4 potions of mutation
 m - a potion of haste {unknown}
 n - a potion of invisibility
 r - 4 potions of curing
 t - a potion of resistance {unknown}
 u - a potion of enlightenment {unknown}
 v - a potion of ambrosia {unknown}
 w - a potion of heal wounds {unknown}
 x - a potion of degeneration {unknown}


   Skills:
 + Level 6.0 Fighting
 + Level 8.0 Short Blades
 + Level 5.0 Dodging
 + Level 12.9 Stealth
 + Level 1.9 Shields
 * Level 5.8 Shapeshifting


You had 9 spell levels left.
You didn't know any spells.
Your spell library contained the following spells:

 Spells                   Type           Power      Damage    Failure   Level
 Slow                     Hex            0%         N/A       26%         1
 Sting                    Tmut/Pois      0%         1d3       26%         1
 Ensorcelled Hibernation  Hex/Ice        0%         N/A       38%         2
 Passwall                 Tmut/Erth      0%         N/A       38%         2
 Poisonous Vapours        Pois/Air       0%         N/A       38%         2
 Sublimation of Blood     Necr           0%         N/A       38%         2
 Confusing Touch          Hex            0%         N/A       63%         3
 Sigil of Binding         Hex            0%         N/A       63%         3
 Swiftness                Air            0%         N/A       63%         3
 Vampiric Draining        Necr           0%         2d6       63%         3
 Olgreb's Toxic Radiance  Pois           0%         N/A       95%         4
 Petrify                  Tmut/Erth      0%         N/A       95%         4
 Vhi's Electric Charge    Tloc/Air       0%         N/A       95%         4
 Arcjolt                  Conj/Air       0%         1d10      100%        5
 Irradiate                Conj/Tmut      0%         3d11      100%        5
 Plasma Beam              Fire/Air       0%         2x1d10    100%        6


Dungeon Overview and Level Annotations

Branches:
Dungeon (11/15)            Temple (0/1) D:5            Lair (0/5) D:8
    Orc: D:9-12

Altars:
Cheibriados
Fedhas
Gozag
Hepliaklqana
Ru
Xom

Shops:
D:3 :   D:4 (*=(   D:5 (   D:6 !   D:7 [   D:8 :   D:10 ?:

Annotations:
D:5 Ijyb
D:8 1 transporter, Grum


Innate Abilities, Weirdness & Mutations

You are a hulking beast.
Your limbs bulge with bestial killing power. (Slay +3)
You cannot wear most types of armour.
You are amphibious.
You can wear up to eight rings at the same time.
Your skin changes colour to match your surroundings (Stealth+).
Your rubbery body absorbs attacks. (AC +1, EV +1)
((You are camouflaged when in or above water. (Stealth+)))
You have tentacles for arms and can constrict up to eight enemies at once.
One of your tentacles bears a spike.
You are strong-willed. (Will+)


Message History

Press: ? - help, Shift-Dir - straight line, f - manticore
Aim: a manticore (chance to affect: 31%)
The manticore easily resists.
Aiming: Charm
Press: ? - help, Shift-Dir - straight line, f/p - manticore
Aim: a manticore (chance to affect: 31%)
The manticore is charmed.
A nearby plant withers and dies.
A nearby fungus withers and dies.
You hit your manticore. You burn your manticore.
The manticore is no longer charmed.
You squeeze the manticore!
The manticore is moderately wounded.
The manticore bites you!! The manticore claws you. The manticore misses you.
You hit the manticore. You burn the manticore.
You pierce the manticore.
You tentacle-slap the manticore.
The manticore is heavily wounded.
The manticore bites you. The manticore claws you. The manticore claws you!
You hit the manticore.
The manticore seems to speed up.
You pierce the manticore, but do no damage.
The manticore is heavily wounded.
The manticore closely misses you. The manticore misses you.
You block the manticore's attack.
You hit the manticore. You freeze the manticore.
You pierce the manticore, but do no damage.
The manticore is severely wounded.
You hit the manticore.
You feel better.
The manticore is severely wounded.
The manticore bites you!!
* * * LOW HITPOINT WARNING * * *
A shower of butterflies erupts from you!
The manticore barely misses you. The manticore claws you.
* * * LOW HITPOINT WARNING * * *
You hit the manticore but do no damage.
Your tentacle spike misses the manticore.
The manticore is severely wounded.
The manticore closely misses you. x2; You block the manticore's attack.
You hit the manticore.
You pierce the manticore.
You squeeze the manticore.
The manticore is almost dead.
The manticore bites you!
You die...

..P.P.........##......
..P.P..........#..#,,.#
..PP.P.....†P.)).# *..#
#.....P....P.))## *#.#
##.P..b.....##)# #.#
#.....b..####.## #..
#........# ##.†####..
##...bb.## #..)......
#..hb..###..#####...
##.H........# ##..
.............#####...
#..........#...†.......
#..###.....##..###.....
#.. ##....##..# ##....
#. #.#####..####....
... # ..# #..........
... ##...####...


You could see a manticore (fast, ally target).

Vanquished Creatures
  Pikel (D:4)
  Joseph (D:8)
  Maggie (D:10)
  A wyvern (D:8)
  3 vampire mosquitoes (D:11)
  Edmund (D:4)
  3 water moccasins
  A floating eye (D:9)
  An ice beast (D:6)
  A sky beast (D:6)
  2 black bears
  An ogre (shapeshifter) (D:2)
  2 wolves (D:7)
  3 centaurs
  Blork the orc (D:4)
  2 kobold brigands
  4 scorpions
  3 wights (D:7)
  2 jellies
  4 hounds
  6 orc priests
  5 iguanas
  Natasha (thrice) (D:4)
  7 orc wizards
  Robin (D:3)
  3 gnolls (D:7)
  8 adders
  A shadow imp (D:5)
  2 ufetubi (D:6)
  A worm (D:2)
  3 dart slugs
  21 orcs
  6 bats
  18 endoplasms
  4 giant cockroaches
  6 hobgoblins
  10 kobolds
  6 quokkas
  10 ball pythons
  5 frilled lizards
  13 goblins
  4 rats
181 creatures vanquished.

Vanquished Creatures (collateral kills)
  A kobold demonologist (D:7)
  A phantom (D:7)
  A scorpion (D:8)
  5 killer bees (D:7)
  An orc (D:7)
  7 kobolds
16 creatures vanquished.

Vanquished Creatures (others)
  A dancing weapon (D:8)
  An orc warrior (D:9)
  A black bear (D:8)
  A kobold zombie (D:7)
4 creatures vanquished.

Grand Total: 201 creatures vanquished

Notes
Turn   | Place    | Note
-------+----------+-------------------------------------------
     0 | D:1      | Xavori the Octopode Chaos Knight began the quest for the
                  | Orb.
     0 | D:1      | Reached XP level 1. HP: 16/16 MP: 1/1
   170 | D:1      | Found a faded altar of an unknown god.
   176 | D:1      | Reached XP level 2. HP: 15/21 MP: 2/2
   207 | D:1      | XOM: divination: detect items
   317 | D:1      | Reached XP level 3. HP: 15/26 MP: 3/3
   472 | D:1      | Reached skill level 1 in Stealth
   719 | D:1      | XOM: cloud trail
   894 | D:1      | XOM: silly message
  1461 | D:1      | XOM: god gift: scroll labelled FIJAJIA JUFOPT {god gift}
  2069 | D:1      | XOM: give mutations
  2069 | D:1      | Gained mutation: You are partially covered in iridescent
                  | scales. (AC +2) [Xom's grace]
  2069 | D:1      | Gained mutation: You are strong-willed. (Will+) [Xom's
                  | grace]
  2080 | D:1      | XOM: god gift: grey potion {god gift}
  3135 | D:1      | XOM: summons 2 hostile demons
  3168 | D:2      | a giant cockroach changed into a shapeshifter
  3168 | D:2      | Noticed a shapeshifter (shapeshifter)
  3168 | D:2      | XOM: polymorph giant cockroach -> shapeshifter
  3170 | D:2      | XOM: god gift: +0 hat of see invisible
  3170 | D:2      | a shapeshifter changed into a hornet
  3170 | D:2      | Noticed a hornet (shapeshifter)
  3172 | D:2      | a hornet changed into an acid dragon
  3172 | D:2      | Noticed an acid dragon (shapeshifter)
  3186 | D:2      | Noticed an ogre
  3195 | D:2      | Killed an ogre
  3196 | D:2      | Reached skill level 2 in Stealth
  3196 | D:2      | Reached XP level 4. HP: 21/33 MP: 4/4
  3196 | D:2      | Reached XP level 5. HP: 24/37 MP: 5/5
  3199 | D:2      | XOM: god gift: 55 gold pieces
  3325 | D:2      | Reached skill level 3 in Stealth
  3847 | D:3      | Noticed Robin
  3954 | D:3      | Killed Robin
  4099 | D:3      | XOM: god gift: metallic red potion {god gift}
  4105 | D:3      | XOM: cloud trail
  4171 | D:3      | Noticed a walking earthen tome
  4176 | D:3      | Found Fukeamoy's Book Shoppe.
  4186 | D:3      | Noticed a walking earthen tome
  4552 | D:4      | XOM: noise
  4567 | D:4      | XOM: give mutation
  4567 | D:4      | Gained mutation: One of your tentacles bears a spike.
                  | [Xom's grace]
  4773 | D:4      | Found Ifueroz's Antique Weapon Boutique.
  4812 | D:4      | Reached skill level 4 in Stealth
  4829 | D:4      | Found Yhimehao's Jewellery Shoppe.
  4857 | D:4      | Reached XP level 6. HP: 38/43 MP: 6/6
  4895 | D:4      | Found a hazy altar of Hepliaklqana.
  4949 | D:4      | Found Vumnarph's General Store.
  4954 | D:4      | Bought a scroll of teleportation for 33 gold pieces
  4958 | D:4      | Noticed Edmund
  4963 | D:4      | XOM: summons 3 friendly demons
  4965 | D:4      | XOM: butterfly on damage
  4971 | D:4      | Killed Edmund
  4975 | D:4      | XOM: silly message
  5072 | D:4      | Noticed Blork the orc
  5082 | D:4      | Killed Blork the orc
  5083 | D:4      | Reached skill level 5 in Stealth
  5083 | D:4      | Reached skill level 1 in Shapeshifting
  5139 | D:4      | Noticed Pikel
  5148 | D:4      | XOM: blink monster(s)
  5150 | D:4      | Killed Pikel
  5151 | D:4      | Reached skill level 5 in Short Blades
  5151 | D:4      | Reached skill level 6 in Stealth
  5151 | D:4      | Reached XP level 7. HP: 46/49 MP: 7/7
  5151 | D:4      | Reached XP level 8. HP: 51/54 MP: 8/8
  5161 | D:4      | Found Ruyduhah's Antique Weapon Emporium.
  5171 | D:4      | Noticed Natasha
  5176 | D:4      | Killed Natasha
  5197 | D:4      | Noticed Natasha
  5204 | D:4      | Killed Natasha
  5221 | D:4      | Noticed Natasha
  5226 | D:4      | Killed Natasha
  5227 | D:4      | Reached skill level 7 in Stealth
  5586 | D:5      | Entered Level 5 of the Dungeon
  5599 | D:5      | XOM: give mutation
  5599 | D:5      | Lost mutation: You are partially covered in iridescent
                  | scales. (AC +2) [Xom's mischief]
  5668 | D:5      | XOM: god gift: 17 gold pieces
  5749 | D:5      | Found Ycsiujo's Weapon Shoppe.
  5935 | D:5      | Reached skill level 8 in Stealth
  6084 | D:5      | Found a snail-covered altar of Cheibriados.
  6241 | D:5      | Noticed Ijyb
  6245 | D:5      | XOM: confuse monster(s)
  6690 | D:5      | XOM: divination: detect creatures
  6797 | D:5      | Found a staircase to the Ecumenical Temple.
  6831 | D:5      | Found a sacrificial altar of Ru.
  6946 | D:5      | XOM: scenery: summon butterflies
  6978 | D:5      | Found a blossoming altar of Fedhas.
  6978 | D:5      | Found an opulent altar of Gozag.
  7110 | D:6      | Found Ublyvux's Distillery.
  7447 | D:6      | XOM: confuse monster(s)
  7449 | D:6      | Reached skill level 5 in Fighting
  7449 | D:6      | Reached skill level 9 in Stealth
  7525 | D:6      | Reached skill level 1 in Shields
  7525 | D:6      | Reached XP level 9. HP: 61/61 MP: 9/9
  7625 | D:6      | XOM: cloud trail
  7688 | D:6      | Reached skill level 10 in Stealth
  7977 | D:7      | XOM: enchant monster (good)
  7983 | D:7      | Noticed a kobold demonologist
  8006 | D:7      | Killed a kobold demonologist
  8007 | D:7      | Reached skill level 11 in Stealth
  8223 | D:7      | Found Zamo's Armour Emporium.
  8409 | D:7      | XOM: cloud trail
  8498 | D:7      | XOM: 1-stop teleportation journey
  8665 | D:8      | Noticed Joseph
  8665 | D:8      | Noticed Grum
  8675 | D:7      | XOM: scenery: create altars
  8865 | D:8      | XOM: fake destruction
  8870 | D:7      | Reached skill level 12 in Stealth
  8870 | D:7      | Reached XP level 10. HP: 43/66 MP: 10/10
  9006 | D:8      | XOM: divination: magic mapping
  9156 | D:8      | You fall into a shaft and drop 3 floors!
  9170 | D:11     | Reached skill level 5 in Shapeshifting
  9175 | D:10     | Entered Level 10 of the Dungeon
  9175 | D:10     | Noticed Maggie
  9179 | D:10     | Killed Maggie
  9196 | D:10     | Found Jykuxeri's Book Shop.
  9199 | D:10     | Noticed a kobold demonologist
  9233 | D:10     | Found Deymuq's Magic Scroll Emporium.
  9265 | D:9      | Noticed Harold
  9270 | D:9      | XOM: chaos upgrade
  9275 | D:9      | Harold changed into Harold the floating eye
  9275 | D:9      | Noticed Harold
  9275 | D:9      | XOM: polymorph Harold -> Harold the floating eye
  9277 | D:9      | Killed Harold the floating eye
  9407 | D:9      | XOM: divination: detect items
  9480 | D:9      | XOM: divine lightning
  9606 | D:8      | Found a staircase to the Lair.
  9606 | D:8      | Found Huebre's Book Shoppe.
  9606 | D:8      | XOM: 9-stop teleportation journey
  9621 | D:8      | Found a transporter.
  9683 | D:8      | XOM: scenery: summon butterflies
  9689 | D:8      | XOM: enchant monster (good)
  9720 | D:8      | Killed Joseph
  9721 | D:8      | Reached skill level 5 in Dodging
  9767 | D:8      | Noticed a manticore
  9768 | D:8      | XOM: divine lightning
  9777 | D:8      | XOM: butterfly on damage
  9779 | D:8      | Mangled by a manticore

Illustrated notes

Levels and vault maps discovered:
D:1:      minmay_arrival_arboretum_small, layout_rooms, basic_ecumenical_altar
D:2:      minmay_recursive_quarters, layout_rooms
D:3:      layout_basic, serial_shops, nicolae_shop_mannequins, uniq_robin
D:4:      layout_gridville, mainiacjoe_overflow_boulevard, serial_shops,
          nicolae_shop_hallway_plus, nicolae_inconvenience_store,
          nicolae_take_the_stairs, shop, uniq_natasha, uniq_blork_the_orc,
          uniq_edmund, uniq_pikel
D:5:      minmay_skewed_foursquare, layout_loops_ring,
          nicolae_overflow_crystal_walls, chei_slow_surprise,
          gammafunk_temple_overflow_elements, lemuel_temple_firewalk_b,
          kennysheep_windowed_goal, uniq_ijyb
D:6:      layout_rooms, serial_shops, shop
D:7:      layout_loops_ring, serial_shops, shop
D:8:      layout_layer_cave, due_lair_maze_entry_diamond,
          gammafunk_ghost_wrathful_warriors, serial_shops, shop, uniq_joseph,
          uniq_grum
D:9:      layout_basic, minmay_orc_entry_guard_dogs, serial_shops,
          nicolae_shop_hallway_stairs, uniq_harold, uniq_jeremiah
D:10:     minmay_the_grid_3x2 [minmay_the_grid_tree, minmay_the_grid_garden,
          minmay_the_grid_holed_spiral, minmay_the_grid_tiny_cups,
          minmay_the_grid_square_x, minmay_the_grid_prize_four_corners],
          layout_rooms, serial_shops, shop, shop, shop, nicolae_shop_scrapyard,
          uniq_maggie
D:11:     layout_loops_ring, fountainhead, grunt_ministairs_7, uniq_erica

Skill      XL: |  1  2  3  4  5  6  7  8  9 10 |
---------------+-------------------------------+-----
Stealth        | 2 4 6 9 12 | 12.9
Short Blades   | 4 5 6 7 8 |  8.0
Dodging        | 3 4 5 |  5.0
Fighting       | 4 5 6 |  6.0
Shapeshifting  | 2 3 4 5 |  5.8
Shields        | 1 |  1.9

Action                     |  1- 3 |  4- 6 |  7- 9 | 10-12 || total
---------------------------+-------+-------+-------+-------++-------
  Melee: Short sword       |    78 |   120 |   130 |    59 ||   387
         Tentacles         |    16 |    29 |    35 |    18 ||    98
         Constrict         |    15 |    27 |    28 |    14 ||    84
         Punch             |     1 |     1 |     2 |     2 ||     6
         Kick              |       |     7 |    46 |    30 ||    83
  Evoke: Wand              |       |       |       |     2 ||     2
    Use: Potion            |     1 |     1 |       |       ||     2
         Scroll            |     1 |       |     9 |       ||    10
   Stab: Sleeping          |     8 |     9 |    14 |     4 ||    35
         Distracted        |     1 |     2 |     3 |       ||     6
         Petrifying        |       |     1 |       |       ||     1
         Confused          |       |       |     1 |       ||     1
 Armour: Skin              |    24 |    38 |    51 |    20 ||   133
  Dodge: Dodged            |    32 |    58 |    51 |    27 ||   168
  Block: Other             |       |     5 |    16 |     9 ||    30
         Reflection        |       |       |     3 |     2 ||     5
   Form: Beast             |       |     1 |       |       ||     1

Table legend: (Time is in decaauts)
 A = Elapsed time spent in this place.
 B = Non-inter-level travel time spent in this place.
 C = Inter-level travel time spent in this place.
 D = Time resting spent in this place.
 E = Time spent auto-exploring this place.
 F = Levels seen in this place.
 G = Mean time per level.
                   A        B        C        D        E       F      G
               +--------+--------+--------+--------+--------+-----+--------+
         Total |   9680 |   9371 |    309 |   4112 |   4024 |  11 |  880.0 |
       Dungeon |   9680 |   9371 |    309 |   4112 |   4024 |  11 |  880.0 |
               +--------+--------+--------+--------+--------+-----+--------+

Top non-repeatable levels by time:
     D:1: 3124 daAuts
     D:5: 1800 daAuts
     D:7: 1051 daAuts
     D:4: 1030 daAuts
     D:2: 771 daAuts
     D:3: 626 daAuts
     D:6: 487 daAuts
     D:8: 367 daAuts
     D:9: 332 daAuts
    D:10: 70 daAuts
    D:11: 17 daAuts
